 Dungeon Crawl Stone Soup version 0.32-a0-685-g93135e86f0 (webtiles) character file.

Game seed: 15181766084635543677

111 hikkokomori the Trooper (level 4, -1/37 HPs)
             Began as a Coglin Berserker on Mar 12, 2024.
             Was a Believer of Trog.
             Slain by a gnoll
             ... wielding a +0 flail
              (7 damage)
             ... on level 3 of the Dungeon.
             The game lasted 00:03:05 (2032 turns).

hikkokomori the Trooper (Coglin Berserker)          Turns: 2032, Time: 00:03:06

Health: -1/37      AC: 11    Str: 19    XL:     4   Next: 92%
Magic:  4/4        EV:  8    Int:  7    God:    Trog [**....]
Gold:   111        SH:  0    Dex: 13    Spells: 3/3 levels left

rFire   . . .        a - +0 short sword {Yejun}
rCold   . . .        c - +0 dagger {Sinnashi}
rNeg    . . .        n - +0 chain mail
rPois   .            (no helmet)
rElec   .            h - +0 cloak
rCorr   .            e - +0 pair of gloves
SInv    .            (no boots)
Will    ++...        (amulet unavailable) Stlth
                     (ring unavailable)
HPRegen 1.26/turn    (ring unavailable)
MPRegen 0.09/turn    (no gizmo)

%: no passive effects
@: strong-willed, on berserk cooldown, regenerating, slowed, revved, very slow
A: off-hand wielding, slow wielding, warmup strikes, no jewellery
a: Invent Gizmo, Renounce Religion, Berserk, Trog's Hand


You were on level 3 of the Dungeon.
You worshipped Trog.
Trog was pleased with you.
You visited 1 branch of the dungeon, and saw 3 of its levels.

You collected 111 gold pieces.

Inventory:

Hand Weapons
 a - a +0 short sword (weapon) {Yejun}
 c - a +0 dagger (offhand) {Sinnashi}
Armour
 b - a +0 animal skin
 e - a +0 pair of gloves (worn)
 h - a +0 cloak (worn)
 n - a +0 chain mail (worn)
Scrolls
 l - a scroll of enchant armour
Potions
 d - 2 potions of attraction
 g - a potion of heal wounds
 j - 2 potions of haste
 m - a potion of berserk rage {unknown}
 o - a potion of magic {unknown}


   Skills:
 + Level 3.7 Fighting
 + Level 3.3 Short Blades
 + Level 2.6 Armour
 + Level 2.6 Dodging


You had 3 spell levels left.
You didn't know any spells.
Your spell library was empty.

Dungeon Overview and Level Annotations

Branches:
Dungeon (3/15)

Altars:
Yredelemnul

Shops:
D:1 *


Innate Abilities, Weirdness & Mutations

You can wield a second weapon in your off-hand.
It takes a long time for you to wield or remove held weapons.
Your first few attacks do less damage.
You cannot equip rings or amulets.


Message History

The gnoll barely misses you. The gnoll hits you with a +0 flail.
* * * LOW HITPOINT WARNING * * *
Your skin crawls.
You feel strong-willed. The gnoll barely misses you.
The gnoll hits you but does no damage. x2
You hit the gnoll but do no damage.
The gnoll is severely wounded.
You closely miss the gnoll with your +0 short sword.
The gnoll hits you but does no damage. The gnoll closely misses you. x2
The gnoll hits you from afar with a +0 spear.
The gnoll barely misses you.
You hit the gnoll but do no damage.
The gnoll is severely wounded.
You barely miss the gnoll with your +0 dagger.
The gnoll closely misses you. The gnoll hits you with a +0 flail.
The gnoll hits you but does no damage. The gnoll barely misses you.
You hit the gnoll but do no damage.
The gnoll is severely wounded.
You hit the gnoll but do no damage. The gnoll barely misses you.
The gnoll hits you with a +0 flail. The gnoll hits you but does no damage.
You hit the gnoll but do no damage.
The gnoll is severely wounded.
You hit the gnoll but do no damage. The gnoll hits you but does no damage.
The gnoll completely misses you. The gnoll hits you with a +0 flail.
* * * LOW HITPOINT WARNING * * *
You hit the gnoll with your +0 short sword.
The gnoll is almost dead.
You barely miss the gnoll with your +0 dagger.
The gnoll hits you from afar with a +0 spear.
The gnoll hits you but does no damage. The gnoll closely misses you.
The gnoll barely misses you.
The gnoll hits you from afar with a +0 spear.
* * * LOW HITPOINT WARNING * * *
You barely miss the gnoll with your +0 dagger.
The gnoll is severely wounded.
You barely miss the gnoll with your +0 short sword.
The gnoll hits you with a +0 flail.
* * * LOW HITPOINT WARNING * * *
The gnoll hits you with a +0 flail!
You die...

#.......#
####.#### ####
#.# ..# #.# #
#.# #.#
#...####.###.#
....wg..g)...#
###.####w#####
#..g@gg#
########


You could see a ribbon worm and 3 gnolls.

Vanquished Creatures
  Terence (D:3)
  An orc wizard (D:3)
  2 adders
  A dart slug (D:2)
  2 orcs (D:3)
  3 ball pythons
  3 endoplasms
  2 giant cockroaches
  4 goblins
  2 hobgoblins
  4 jackals (D:3)
  A quokka (D:1)
  4 bats
  2 frilled lizards (D:1)
  2 kobolds
  5 rats
39 creatures vanquished.

Notes
Turn   | Place    | Note
-------+----------+-------------------------------------------
     0 | D:1      | hikkokomori the Coglin Berserker began the quest for the
                  | Orb.
     0 | D:1      | Reached XP level 1. HP: 18/18 MP: 1/1
   268 | D:1      | Reached XP level 2. HP: 24/24 MP: 2/2
   414 | D:1      | Found Ocsied's Assorted Antiques.
  1343 | D:2      | Found a basalt altar of Yredelemnul.
  1374 | D:2      | Reached XP level 3. HP: 26/29 MP: 3/3
  1876 | D:3      | Reached ** piety under Trog
  1909 | D:3      | HP: 1/29 [kobold/+0 short sword (2)]
  1972 | D:3      | Reached XP level 4. HP: 31/35 MP: 4/4
  1993 | D:3      | Noticed Terence
  2001 | D:3      | Killed Terence
  2032 | D:3      | Slain by a gnoll

Illustrated notes

Levels and vault maps discovered:
D:1:      saegor_arrival_fortress, layout_loops_ring, serial_shops, shop,
          corexii_hall_statues_x, minmay_tetromino_t2
D:2:      layout_loops_ring, basic_altar
D:3:      layout_loops_cross, portal_sewer_entry_f, uniq_terence, uniq_sigmund,
          uniq_jessica

Skill      XL: |  1  2 |
---------------+-------+-----
Armour         | 2 |  2.6
Dodging        | 2 |  2.6
Short Blades   | 3 |  3.3
Fighting       | |  3.7

Action                     |  1- 3 |  4- 6 || total
---------------------------+-------+-------++-------
  Melee: Short sword       |    95 |    32 ||   127
         Dagger            |    92 |    33 ||   125
 Invoke: Berserk           |       |     1 ||     1
         Trog's Hand       |       |     1 ||     1
    Use: Scroll            |     6 |       ||     6
         Potion            |     1 |       ||     1
   Stab: Sleeping          |     1 |       ||     1
 Armour: Animal skin       |    25 |       ||    25
         Chain mail        |    72 |    57 ||   129
  Dodge: Dodged            |    54 |    26 ||    80

Table legend: (Time is in decaauts)
 A = Elapsed time spent in this place.
 B = Non-inter-level travel time spent in this place.
 C = Inter-level travel time spent in this place.
 D = Time resting spent in this place.
 E = Time spent auto-exploring this place.
 F = Levels seen in this place.
 G = Mean time per level.
                   A        B        C        D        E       F      G
               +--------+--------+--------+--------+--------+-----+--------+
         Total |   2021 |   1907 |    114 |      0 |   1552 |   3 |  673.7 |
       Dungeon |   2021 |   1907 |    114 |      0 |   1552 |   3 |  673.7 |
               +--------+--------+--------+--------+--------+-----+--------+

Top non-repeatable levels by time:
     D:1: 977 daAuts
     D:2: 869 daAuts
     D:3: 175 daAuts
